 Dungeon Crawl Stone Soup version 0.31-a0-182-gc5ef74bbde (webtiles) character file.

Game seed: 9680295217937466066

70 qw the Chopper (level 4, -7/28 HPs)
             Began as a Gargoyle Fighter on June 20, 2023.
             Was an Initiate of Okawaru.
             Mangled by an ice beast (14 damage)
             ... on level 4 of the Dungeon.
             The game lasted 00:00:36 (807 turns).

qw the Chopper (Gargoyle Fighter)                    Turns: 807, Time: 00:00:36

Health: -7/28      AC: 10    Str: 21    XL:     4   Next: 21%
Magic:  4/4        EV:  9    Int:  9    God:    Okawaru [......]
Gold:   105        SH:  4    Dex:  9    Spells: 3/3 levels left

rFire   . . .        Y - +0 war axe
rCold   . . .        c - +0 buckler
rNeg    + . .        b - +0 scale mail
rPois   inf          (no helmet)
rElec   +            (no cloak)
rCorr   .            (no gloves)
SInv    .            (no boots)
Will    .....        (no amulet) Stlth
                     (no ring)
HPRegen 0.24/turn    (no ring)
MPRegen 0.09/turn

%: no passive effects
@: no status effects
A: sickness immunity, AC +3, negative energy resistance 1, electricity
resistance, torment resistance 1, petrification resistance
a: Renounce Religion


You were on level 4 of the Dungeon.
You worshipped Okawaru.
Okawaru was noncommittal.
You visited 2 branches of the dungeon, and saw 4 of its levels.

You collected 105 gold pieces.


Innate Abilities, Weirdness & Mutations

You are immune to sickness and miasma.
Your stone body is resilient. (AC +3)
You are immune to poison.
You resist negative energy. (rN+)
You are resistant to electric shocks. (rElec)
You are resistant to unholy torment.
You are immune to petrification.


   Skills:
 - Level 3.2 Fighting
 + Level 4.0 Axes
 - Level 3.2 Armour
 - Level 3.2 Shields


You had 3 spell levels left.
You didn't know any spells.
Your spell library was empty.

Inventory:

Hand Weapons
 f - a +0 whip
 Y - a +0 war axe (weapon)
Armour
 b - a +0 scale mail (worn)
 c - a +0 buckler (worn)
Scrolls
 a - 2 scrolls of identify
 g - a scroll of teleportation
 h - a scroll of enchant armour
Potions
 d - a potion of might

Dungeon Overview and Level Annotations

Branches:
Dungeon (4/15)             Temple (1/1) D:4

Altars:
Ashenzari
Cheibriados
Elyvilon
Gozag
Hepliaklqana
Kikubaaqudgha
Makhleb
Okawaru
Qazlal
Trog
Uskayaw
Vehumet
Wu Jian
The Shining One


Message History

An ice beast comes into view.
Enter note:
Found a stone staircase leading up.
Enter note:
Enter note:
798 ||| Stepping ~*~*~tactically~*~*~ (water).
The ice beast hits you. The ice beast freezes you!
The ice beast hits you but does no damage.
Enter note:
Enter note: You hit the ice beast.
The ice beast is lightly wounded.
The ice beast closely misses you.
You barely miss the ice beast.
The ice beast is lightly wounded.
The ice beast hits you but does no damage. x2
You slash the ice beast!
The ice beast is heavily wounded.
The ice beast hits you but does no damage.
You hit the ice beast.
The ice beast is heavily wounded.
The ice beast hits you but does no damage.
You hit the ice beast but do no damage.
The ice beast is heavily wounded.
The ice beast hits you but does no damage.
You block the ice beast's attack.
You closely miss the ice beast.
The ice beast is heavily wounded.
The ice beast closely misses you.
You closely miss the ice beast.
The ice beast is heavily wounded.
The ice beast hits you. The ice beast freezes you!
You slash the ice beast!
The ice beast is almost dead.
The ice beast hits you but does no damage. x2
You hit the ice beast.
The ice beast is almost dead.
The ice beast hits you. The ice beast freezes you!
Ouch! That really hurt!
You die...

.#. ... ... <.## ...
#.. #.. #.. .#
#.###.##.####..
#...#.##....#.#
#...#Y##......
#####.@¤~¤....#
.......~~¤~~...#
..###.¤~¤~~~~..#
#.¤¤~>¤¤~..#
#...~¤¤¤~¤¤[.### .
####.~~¤¤~.....####...
#..¤~~..###%.......
.......#......###...
..#.#................


You could see an ice beast.

Vanquished Creatures
  A gnoll (D:1)
  2 adders
  A worm (D:2)
  A ball python (D:1)
  4 bats (D:1)
  3 endoplasms (D:1)
  A giant cockroach (D:1)
  4 goblins (D:1)
  4 hobgoblins
  7 jackals (D:1)
  2 quokkas
  3 kobolds (D:1)
  A rat (D:1)
34 creatures vanquished.

Notes
Turn   | Place    | Note
-------+----------+-------------------------------------------
     0 | D:1      | qw the Gargoyle Fighter began the quest for the Orb.
     0 | D:1      | Reached XP level 1. HP: 14/14 MP: 1/1
     0 | D:1      | 0 ||| qw: Version: 0.3-a-9-g12657ce
     0 | D:1      | 0 ||| qw: Game counter: 1320
     0 | D:1      | 0 ||| qw: Always use a shield: true
     0 | D:1      | 0 ||| qw: God list: Okawaru
     0 | D:1      | 0 ||| qw: Allow faded altars: false
     0 | D:1      | 0 ||| qw: Do Orc after D:15 true
     0 | D:1      | 0 ||| qw: Do second Lair branch before Depths: true
     0 | D:1      | 0 ||| qw: Lair rune preference: random
     0 | D:1      | 0 ||| qw: Plans: Normal, Zot:1-4, Slime:5, God:TSO, Crypt,
                  | Tomb, Abyss, Pan, Hells, Win
     0 | D:1      | 0 ||| PLANNING D:1-11
    14 | D:1      | Reached skill level 2 in Axes
    20 | D:1      | 20 ||| DROPPING +0 club.
    44 | D:1      | Reached XP level 2. HP: 9/19 MP: 2/2
   148 | D:1      | Reached skill level 3 in Axes
   162 | D:1      | Reached XP level 3. HP: 22/23 MP: 3/3
   299 | D:1      | 299 ||| Stepping ~*~*~tactically~*~*~ (stealth).
   300 | D:1      | 300 ||| Stepping ~*~*~tactically~*~*~ (stealth).
   479 | D:1      | 479 ||| READING 3 scrolls labelled RAECKU KYOCI.
   480 | D:1      | 480 ||| READING 2 scrolls labelled ASUT HEOGENNAD.
   483 | D:1      | 483 ||| READING 2 scrolls labelled BEPLOCWE OSETYI.
   598 | D:2      | Reached XP level 4. HP: 28/28 MP: 4/4
   631 | D:2      | You fall into a shaft and drop 2 floors!
   668 | D:4      | Reached skill level 4 in Axes
   668 | D:4      | Found a staircase to the Ecumenical Temple.
   669 | D:4      | 669 ||| PLANNING TEMPLE
   677 | Temple   | Entered the Ecumenical Temple
   691 | Temple   | 691 ||| PLANNING OKAWARU WORSHIP
   776 | Temple   | Became a worshipper of Warmaster Okawaru
   777 | Temple   | 777 ||| PLANNING D:1-11
   795 | D:4      | Noticed an ice beast
   798 | D:4      | 798 ||| Stepping ~*~*~tactically~*~*~ (water).
   807 | D:4      | HP: 7/28 [ice beast (1)]
   807 | D:4      | Mangled by an ice beast

Levels and vault maps discovered:
D:1:      dpeg_arrival_rooms_with_view, layout_rooms
D:2:      layout_loops_ring, serial_shops, shop,
          shapermc_ecumenical_altar_acropolis
D:4:      layout_rooms, minmay_temple_entry_mist, serial_shops, shop,
          uniq_grinder
Temple:   compressed_dpeg_circular_temple

Skill      XL: |  1  2  3  4 |
---------------+-------------+-----
Axes           | 2 3 4 |  4.0
Fighting       | |  3.2
Armour         | |  3.2
Shields        | |  3.2

Action                     |  1- 3 |  4- 6 || total
---------------------------+-------+-------++-------
  Melee: War axe           |    77 |    26 ||   103
    Use: Scroll            |     3 |       ||     3
 Armour: Scale mail        |    69 |    20 ||    89
  Dodge: Dodged            |    57 |    12 ||    69
  Block: Buckler           |    18 |     4 ||    22

Table legend:
 A = Non-vault XP
 B = Vault XP
 C = Vault XP percentage of total XP
 D = Non-vault monster count
 E = Vault monster count
 F = Vault count percentage of total count
                 A         B        C        D         E       F
            +---------+---------+-------+---------+---------+-------
      Total |      83 |      17 |  17.0 |      32 |       2 |   5.9
            +---------+---------+-------+---------+---------+-------
        D:1 |      48 |      17 |  26.2 |      27 |       2 |   6.9
        D:2 |      20 |       0 |   0.0 |       3 |       0 |   0.0
        D:4 |      15 |       0 |   0.0 |       2 |       0 |   0.0
            +---------+---------+-------+---------+---------+-------
